 Dungeon Crawl Stone Soup version 0.20.1-1-g8b1a95d (webtiles) character file.

768 vishdafish the Poker (level 7, -1/55 HPs)
             Began as a Demonspawn Fighter on July 3, 2017.
             Was an Initiate of Makhleb.
             Slain by an ogre
             ... wielding a +0 giant club
              (11 damage)
             ... on level 5 of the Dungeon.
             The game lasted 00:06:25 (3715 turns).

vishdafish the Poker (Demonspawn Fighter)           Turns: 3715, Time: 00:06:25

Health: -1/55      AC:  9    Str: 19    XL:     7   Next: 52%
Magic:  7/7        EV: 10    Int:  9    God:    Makhleb [......]
Gold:   120        SH:  9    Dex: 12    Spells: 6/6 levels left

rFire    . . .     SeeInvis +   a - +0 trident
rCold    . . .     Gourm    .   c - +0 shield
rNeg     . . .     Faith    .   b - +0 scale mail
rPois    .         Spirit   .   (no helmet)
rElec    .         Reflect  .   k - +0 cloak
rCorr    .         Harm     .   h - +0 pair of gloves
MR       .....                  (no boots)
Stlth    ..........             (no amulet)
Regen    0.2/turn               u - +3 ring of evasion
MPRegen  0.1/turn               C - ring of see invisible

@: no status effects
A: hooves 2
a: Renounce Religion


You were on level 5 of the Dungeon.
You worshipped Makhleb.
Makhleb was noncommittal.
You were not hungry.

You visited 2 branches of the dungeon, and saw 6 of its levels.

You collected 189 gold pieces.
You spent 69 gold pieces at shops.

Inventory:

Hand Weapons
 a - a +0 trident (weapon)
Armour
 b - a +0 scale mail (worn)
 c - a +0 shield (worn)
 h - a +0 pair of gloves (worn)
 k - a +0 cloak (worn)
Jewellery
 u - a +3 ring of evasion (left hand)
 w - an uncursed ring of protection from fire
 C - a ring of see invisible (right hand)
Wands
 o - a wand of digging (13/24)
 t - a wand of clouds (4/9)
Scrolls
 n - 3 scrolls of fog
 p - a scroll of enchant weapon
 q - 2 scrolls of remove curse {unknown}
 s - 2 scrolls of teleportation {unknown}
 v - a scroll of noise {unknown}
 x - 4 scrolls of enchant armour {unknown}
 y - 2 scrolls of blinking {unknown}
 z - a scroll of random uselessness {unknown}
 A - a scroll of recharging {unknown}
 B - a scroll of fear
 F - 2 scrolls of amnesia {unknown}
Potions
 d - a potion of might
 e - a potion of agility
 j - a potion of mutation
 l - 4 potions of curing
 r - a potion of lignification {unknown}
 E - a potion of haste
Books
 i - a book of the Sky

   Spells                             Type                      Level
   a - Summon Lightning Spire         Summoning/Air                4
   b - Silence                        Hexes/Air                    5
   c - Deflect Missiles               Charms/Air                   6
   d - Conjure Ball Lightning         Conjuration/Air              6
   e - Tornado                        Air                          9
 D - a book of Changes

   Spells                             Type                      Level
   a - Beastly Appendage              Transmutation                1
   b - Sticks to Snakes               Transmutation                2
   c - Spider Form                    Transmutation/Poison         3
   d - Ice Form                       Ice/Transmutation            4
   e - Blade Hands                    Transmutation                5
Comestibles
 f - 2 bread rations
 g - 3 royal jellies
 m - a meat ration


   Skills:
 + Level 4.6 Fighting
 * Level 5.1 Polearms
 + Level 4.2 Armour
 + Level 4.4 Shields


You had 6 spell levels left.
You didn't know any spells.

Dungeon Overview and Level Annotations

Branches:
Dungeon (5/15)             Temple (1/1) D:4

Altars:
Elyvilon
Fedhas
Gozag
Hepliaklqana
Makhleb
Qazlal
Sif Muna
Yredelemnul

Shops:
D:5 *


Innate Abilities, Weirdness & Mutations

You have hoof-like feet.


Message History

The ogre is moderately wounded.
You barely miss the ogre.
The ogre is moderately wounded.
The ogre hits you with a giant club!
You are too injured to fight recklessly!
You are too injured to fight recklessly!
You are too injured to fight recklessly!
You are too injured to fight recklessly!
You are too injured to fight recklessly!
You hit the ogre. Your kick misses the ogre.
The ogre is heavily wounded.
The ogre closely misses you.
You closely miss the ogre. You kick the ogre.
The ogre is heavily wounded.
The ogre hits you with a giant club!
* * * LOW HITPOINT WARNING * * *
You hit the ogre.
The ogre is severely wounded.
The ogre hits you with a giant club!
You die...

# #.#.....###.# . .#
##....# #.#
##.#.###.#.# #.# #...
...#.# #.### .. ###
#.# #...# ### #.#
###.# ..## #.# #.#
...# # #.## #.# ...#
.##..# #@#
...####..##.# #O#
###...##.##.# ...
.(#....#.##.# .....
..#....#.##.##......
..##.....##.##.....#.
.(.###......###...##.#
##.....###### ##### #
#..#..##


You could see an ogre.

Vanquished Creatures
  2 centaurs (D:5)
  An ogre (D:5)
  A bullfrog (D:4)
  A howler monkey (D:4)
  A bullfrog zombie (D:5)
  2 hounds
  2 orc priests (D:2)
  2 orc wizards
  An iguana (D:5)
  5 adders
  A shadow imp (D:5)
  An adder skeleton (D:4)
  A worm (D:3)
  4 dart slugs
  5 leopard geckos
  15 orcs
  6 bats
  9 giant cockroaches
  12 goblins
  4 hobgoblins
  8 jackals (D:2)
  5 frilled lizards
  7 kobolds
  3 rats
99 creatures vanquished.

Notes
Turn   | Place    | Note
-------+----------+-------------------------------------------
     0 | D:1      | vishdafish the Demonspawn Fighter began the quest for the Orb.
     0 | D:1      | Reached XP level 1. HP: 18/18 MP: 1/1
    71 | D:1      | Reached skill level 2 in Polearms
   193 | D:1      | Gained mutation: You have large cloven feet. [demonic ancestry]
   193 | D:1      | Reached XP level 2. HP: 24/24 MP: 2/2
   523 | D:2      | Reached XP level 3. HP: 26/29 MP: 3/3
   888 | D:3      | Reached XP level 4. HP: 35/35 MP: 4/4
   909 | D:2      | Reached skill level 3 in Polearms
  1184 | D:2      | Gained mutation: You have hoof-like feet. [demonic ancestry]
  1184 | D:2      | Reached XP level 5. HP: 40/42 MP: 5/5
  2347 | D:4      | Reached skill level 4 in Polearms
  2347 | D:4      | Reached XP level 6. HP: 44/48 MP: 6/6
  2435 | D:4      | Found a staircase to the Ecumenical Temple.
  2460 | Temple   | Entered the Ecumenical Temple
  2468 | Temple   | Became a worshipper of Makhleb the Destroyer
  2534 | D:4      | Found a stormy altar of Qazlal.
  2734 | D:5      | Entered Level 5 of the Dungeon
  2884 | D:5      | Found Ecenimuf's Assorted Antiques.
  2887 | D:5      | Bought a scroll labeled FUITTA GAICOPTAST for 23 gold pieces
  2887 | D:5      | Bought a scroll labeled YFEHOD VEMOYTU for 23 gold pieces
  2887 | D:5      | Bought a scroll labeled CIUDUD DUFOLEMP for 23 gold pieces
  3325 | D:5      | Reached XP level 7. HP: 33/55 MP: 7/7
  3479 | D:5      | Reached skill level 5 in Polearms
  3715 | D:5      | Slain by an ogre

Skill      XL: |  1  2  3  4  5  6  7 |
---------------+----------------------+-----
Polearms       | 2 3 4 5 |  5.1
Shields        | 3 4 |  4.4
Armour         | 3 4 |  4.2
Fighting       | 4 |  4.6

Action                   |  1- 3 |  4- 6 |  7- 9 || total
-------------------------+-------+-------+-------++-------
Melee: Trident           |   110 |   217 |    22 ||   349
       Kick              |    16 |    44 |     3 ||    63
  Use: Scroll            |       |     9 |       ||     9
  Eat: Chunk             |       |     6 |       ||     6
       Meat ration       |       |     1 |       ||     1
Armor: Scale mail        |    50 |    94 |     2 ||   146
Dodge: Dodged            |    29 |    78 |     3 ||   110
Block: Shield            |    43 |   116 |     5 ||   164
